 Dungeon Crawl Stone Soup version 0.29.0-11-gd7f09526c8 (webtiles) character file.

Game seed: 9189256550452774256

67 mtoz the Thaumaturge (level 4, -1/32 HPs)
             Began as a Gnoll Wanderer on Sept 5, 2022.
             Slain by Crazy Yiuf
             ... wielding a +2 quarterstaff of chaos
              (3 damage)
             ... on level 3 of the Dungeon.
             The game lasted 00:11:53 (3077 turns).

mtoz the Thaumaturge (Gnoll Wanderer)               Turns: 3077, Time: 00:11:54

Health: -1/32      AC: 10    Str:  9    XL:     4   Next: 18%
Magic:  17/17      EV:  5    Int: 19    God:
Gold:   173        SH:  0    Dex: 14    Spells: 23/25 levels left

rFire   . . .      SeeInvis .   a - +0 dagger
rCold   . . .      Faith    .   (no shield)
rNeg    . . .      Spirit   .   v - +0 chain mail
rPois   .          Reflect  .   (no helmet)
rElec   .          Harm     .   (no cloak)
rCorr   .          Rampage  .   d - +1 pair of gloves
Will    .....                   (no boots)
Stlth   ..........              (no amulet)
HPRegen 0.10/turn               m - +4 ring of slaying
MPRegen 0.15/turn               k - +6 ring of intelligence

@: lethally poisoned (-1 -> -16)
A: fangs 1, strong nose, distributed training
a: no special abilities


You were on level 3 of the Dungeon.
You visited 1 branch of the dungeon, and saw 3 of its levels.

You collected 173 gold pieces.

Inventory:

Hand Weapons
 a - a +0 dagger (weapon)
 e - a +0 club
 p - a +0 sling
 q - a +0 short sword
 x - a +0 mace
Missiles
 i - 4 poisoned darts (quivered)
 n - 33 stones
Armour
 c - a +0 robe
 d - a +1 pair of gloves (worn)
 h - a +0 ring mail
 v - a +0 chain mail (worn)
Jewellery
 f - a +4 ring of evasion
 g - a +4 ring of evasion
 k - a +6 ring of intelligence (right hand)
 m - a +4 ring of slaying (left hand)
Scrolls
 b - 2 scrolls of fear
 l - a scroll of butterflies {unknown}
 o - 2 scrolls of teleportation
 w - a scroll of immolation {unknown}
Potions
 j - 2 potions of cancellation
 r - a potion of might {unknown}
 s - a potion of berserk rage {unknown}
 t - a potion of degeneration {unknown}
 u - a potion of mutation {unknown}


   Skills:
 + Level 1.1 Fighting
 + Level 1.1 Short Blades
 + Level 1.1 Long Blades
 + Level 1.1 Axes
 + Level 1.1 Maces & Flails
 + Level 1.1 Polearms
 + Level 1.1 Staves
 + Level 1.1 Ranged Weapons
 + Level 1.1 Throwing
 + Level 1.1 Armour
 + Level 6.6 Dodging
 + Level 1.1 Stealth
 + Level 1.1 Shields
 + Level 1.1 Unarmed Combat
 + Level 11.3 Spellcasting
 + Level 0.8 Conjurations
 + Level 0.8 Hexes
 + Level 0.8 Summonings
 + Level 0.8 Necromancy
 + Level 0.8 Translocations
 + Level 0.8 Transmutations
 + Level 0.8 Fire Magic
 + Level 0.8 Ice Magic
 + Level 0.8 Air Magic
 + Level 2.2 Earth Magic
 + Level 0.8 Poison Magic
 + Level 1.2 Invocations
 + Level 1.1 Evocations


You had 23 spell levels left.
You knew the following spells:

 Your Spells              Type           Power      Damage    Failure   Level
a - Foxfire               Conj/Fire      56%        2x1d6     99%         1
b - Sandblast             Erth           38%        2d10      96%         1

Your spell library contained the following spells:

 Spells                   Type           Power      Damage    Failure   Level
 Dazzling Flash           Conj/Hex       28%        N/A       100%        3
 Ignite Poison            Fire/Tmut/Pois 14%        N/A       100%        3
 Inner Flame              Hex/Fire       14%        N/A       100%        3
 Mephitic Cloud           Conj/Pois/Air  14%        N/A       100%        3
 Stone Arrow              Conj/Erth      32%        3d9       100%        3
 Iskenderun's Mystic Bla  Conj/Tloc      14%        2d5       100%        4
 Starburst                Conj/Fire      7%         6d4       100%        6


Dungeon Overview and Level Annotations

Branches:
Dungeon (3/15)

Altars:

Shops:
D:1 [   D:2 (

Annotations:
D:3 Crazy Yiuf


Innate Abilities, Weirdness & Mutations

You have very sharp teeth.
Your uncanny sense of smell can sniff out nearby items.
Your experience applies equally to all skills.


Message History

Found a short sword.
There is an escape hatch in the ceiling here.
Found a mace.
You see here a +0 mace.
x - a +0 mace
Found a stone staircase leading down.
There is a stone staircase leading down here.
n - 33 stones (gained 4)
Found a hammer.
Found a runed translucent door.
Crazy Yiuf shouts!
Crazy Yiuf cries, "Announcement sing-song eyeball!"
a - a +0 dagger (weapon)
Sorry, you're not good enough to have a special ability.
Okay, then.
Okay, then.
As you open the door, it creaks loudly!
You hit Crazy Yiuf but do no damage.
Crazy Yiuf hits you with a +2 quarterstaff of chaos.
You resist with some effort.
You hit Crazy Yiuf.
Crazy Yiuf is lightly wounded.
Crazy Yiuf hits you with a +2 quarterstaff of chaos.
You are poisoned.
You hit Crazy Yiuf.
Crazy Yiuf is moderately wounded.
You feel very sick.
Crazy Yiuf hits you with a +2 quarterstaff of chaos.
You are more poisoned.
You hit Crazy Yiuf.
Crazy Yiuf is heavily wounded.
You feel very sick.
Crazy Yiuf hits you with a +2 quarterstaff of chaos!
* * * LOW HITPOINT WARNING * * *
You are more poisoned.
You barely miss Crazy Yiuf.
Crazy Yiuf is heavily wounded.
* * * LOW HITPOINT WARNING * * *
You feel very sick.
Crazy Yiuf hits you with a +2 quarterstaff of chaos.
You die...

#.####....#
##.# ##..##
#..# ♣....♣
#.## ♣♣...♣
#### #.#
♣♣.♣♣ ...#
#.# ♣♣.♣
...######.##
♣.♣♣
...#.......#
♣♣.♣
...#.......#
♣@♣♣
...#.......#
#g#
############
...#.......#
...
#...........
...#..)....#
#...#
############
...........#
#)..#
...........#
#####
########
...##...#.##
#....<># ##
##.........#
#......####.
#.##.<...##
#......##...


You could see Crazy Yiuf.

Vanquished Creatures
  3 adders
  A worm (D:2)
  A dart slug (D:1)
  3 ball pythons
  6 bats
  4 endoplasms
  2 giant cockroaches (D:1)
  3 goblins (D:1)
  3 kobolds
  4 quokkas
  2 frilled lizards
  3 rats
35 creatures vanquished.

Notes
Turn   | Place    | Note
-------+----------+-------------------------------------------
     0 | D:1      | Reached skill level 11 in Spellcasting
     0 | D:1      | mtoz the Gnoll Wanderer began the quest for the Orb.
     0 | D:1      | mtoz set off with the following items: a +0 dagger, a
                  | scroll of fear, a +0 robe, a +0 pair of gloves; and the
                  | following spells available to memorise: Sandblast, Foxfire,
                  | Stone Arrow, Ignite Poison, Inner Flame, Mephitic Cloud.
     0 | D:1      | Reached XP level 1. HP: 13/13 MP: 12/12
    43 | D:1      | Found Rah Kiur's Armour Shop.
   328 | D:1      | Learned a level 1 spell: Foxfire
   330 | D:1      | Learned a level 1 spell: Sandblast
   339 | D:1      | Reached XP level 2. HP: 18/19 MP: 14/14
   364 | D:1      | Found a faded altar of an unknown god.
  1467 | D:1      | Reached XP level 3. HP: 4/25 MP: 15/15
  1730 | D:2      | Reached skill level 1 in Invocations
  1842 | D:2      | Found Xyxkecud's Antique Weapon Shop.
  2067 | D:2      | Reached skill level 1 in Fighting
  2067 | D:2      | Reached skill level 1 in Short Blades
  2067 | D:2      | Reached skill level 1 in Long Blades
  2067 | D:2      | Reached skill level 1 in Axes
  2067 | D:2      | Reached skill level 1 in Maces & Flails
  2067 | D:2      | Reached skill level 1 in Polearms
  2067 | D:2      | Reached skill level 1 in Staves
  2067 | D:2      | Reached skill level 1 in Ranged Weapons
  2067 | D:2      | Reached skill level 1 in Throwing
  2067 | D:2      | Reached skill level 1 in Armour
  2067 | D:2      | Reached skill level 1 in Stealth
  2067 | D:2      | Reached skill level 1 in Shields
  2067 | D:2      | Reached skill level 1 in Unarmed Combat
  2067 | D:2      | Reached skill level 1 in Evocations
  2829 | D:3      | Reached XP level 4. HP: 30/32 MP: 17/17
  3067 | D:3      | Found a runed translucent door.
  3068 | D:3      | Noticed Crazy Yiuf
  3077 | D:3      | Slain by Crazy Yiuf

Illustrated notes

Levels and vault maps discovered:
D:1:      reono_arrival_forest_river, layout_loops_ring, serial_shops,
          nicolae_shop_advertising_works [nicolae_subvault_shop_adworks],
          hellmonk_ecumenical_altar_crossroads
D:2:      layout_basic, serial_shops, nicolae_shop_behind_doors, minmay_tall_x
D:3:      layout_rooms, uniq_crazy_yiuf_cottage

Skill      XL: |  1  2  3 |
---------------+----------+-----
Spellcasting   | | 11.3
Earth Magic    | 2 |  2.2
Invocations    | 1 |  1.2
Fighting       | 1 |  1.1
Short Blades   | 1 |  1.1
Long Blades    | 1 |  1.1
Axes           | 1 |  1.1
Maces & Flails | 1 |  1.1
Polearms       | 1 |  1.1
Staves         | 1 |  1.1
Ranged Weapons | 1 |  1.1
Throwing       | 1 |  1.1
Armour         | 1 |  1.1
Stealth        | 1 |  1.1
Shields        | 1 |  1.1
Unarmed Combat | 1 |  1.1
Evocations     | 1 |  1.1
Dodging        | |  6.6
Conjurations   | |  0.8
Hexes          | |  0.8
Summonings     | |  0.8
Necromancy     | |  0.8
Translocations | |  0.8
Transmutations | |  0.8
Fire Magic     | |  0.8
Ice Magic      | |  0.8
Air Magic      | |  0.8
Poison Magic   | |  0.8

Action                   |  1- 3 |  4- 6 || total
-------------------------+-------+-------++-------
Melee: Dagger            |   108 |     5 ||   113
       Bite              |     7 |     1 ||     8
       Short sword       |     7 |     8 ||    15
       Punch             |     2 |       ||     2
 Fire: Sling             |     5 |     5 ||    10
  Use: Scroll            |     6 |       ||     6
Armor: Robe              |    18 |       ||    18
       Ring mail         |    21 |     4 ||    25
Dodge: Dodged            |    89 |     7 ||    96
